cohdb
Replays
Latest Replays
All Replays
Popular Replays
Top Player Replays
Match Explorer
How It Works
Community
CoH3 Stats
Reddit
Sign in to upload your games and track your stats! →
Sign in with Steam
Match 43107432
Unlisted
Match 43107432
Overview
Messages
Build Orders
End
Panzergrenadier Squad
Panzerpioneer Squad
250 Light Carrier
Panzerpioneer Squad
Construct Light Support Kompanie
2.5-tonne Medical Truck
Fire Support Elements
Panzerjäger Squad
Selects Panzerjäger Kommand Battlegroup
Selects Tank Busters
Selects Mine Fields
Panzerjäger Mechanized Group
Combat Half-tracks
Selects Defensive Positions
2.5-tonne Medical Truck
Construct Panzerarmee Kommand
Flakvierling Half-track
Veteran Squad Leaders
Panzer III L Medium Tank
Banania
Dark Angels
Goonsader
cumsader
Weebanori
Dumpster Bob
Monkey CPU
Грибобас
0
0
Comments
sign in to comment!
No comments posted yet!